 Dungeon Crawl Stone Soup version 0.25.1-9-gc5326a611f (webtiles) character file.

Game seed: 10665684881647493732

36171 McKennaii the Impaler (level 13, -4/101 HPs)
             Began as a Demonspawn Monk on Dec 29, 2020.
             Was the Champion of Makhleb.
             Slain by a hellephant (22 damage)
             ... on level 3 of the Abyss.
             The game lasted 00:43:44 (16045 turns).

McKennaii the Impaler (Demonspawn Monk)            Turns: 16045, Time: 00:43:44

Health: -4/101     AC: 28    Str: 16    XL:     13   Next: 51%
Magic:  0/16       EV: 11    Int: 11    God:    Makhleb [******]
Gold:   914        SH:  0    Dex: 17    Spells: 12/12 levels left

rFire    + . .     SeeInvis .   F - +2 bardiche (vorpal)
rCold    . . .     Gourm    .   (shield currently unavailable)
rNeg     . . .     Faith    .   J - +3 plate armour
rPois    .         Spirit   +   l - +0 helmet
rElec    .         Reflect  .   d - +2 cloak {Stlth+}
rCorr    .         Harm     .   m - +0 pair of gloves
MR       .....                  q - +0 pair of boots
Stlth    ..........             b - amulet of guardian spirit
HPRegen  0.26/turn              u - +4 ring of evasion
MPRegen  0.15/turn              (no ring)

@: mighty
A: hooves 2, molten scales 2, [blurry vision 1], fire resistance 1, ignite
blood, [screaming 1], spiny 2, flame cloud immunity
a: Minor Destruction, Lesser Servant of Makhleb, Major Destruction, Greater
Servant of Makhleb, Renounce Religion


You were on level 3 of the Abyss.
You worshipped Makhleb.
Makhleb was exalted by your worship.
You were not hungry.

You visited 2 branches of the dungeon, and saw 14 of its levels.
You visited the Abyss 1 time.

You collected 914 gold pieces.

Inventory:

Hand Weapons
 F - a +2 vorpal bardiche (weapon)
Armour
 d - a +2 cloak of stealth (worn)
 l - a +0 helmet (worn)
 m - a +0 pair of gloves (worn)
 q - a +0 pair of boots (worn)
 y - a +2 chain mail of cold resistance
 J - a +3 plate armour (worn)
Jewellery
 a - an uncursed amulet of the acrobat
 b - an amulet of guardian spirit (around neck)
 g - a +4 ring of protection {unknown}
 u - a +4 ring of evasion (left hand)
 I - an uncursed ring of ice
Wands
 x - a wand of enslavement (9)
 D - a wand of iceblast (6)
 H - a wand of polymorph (14)
Scrolls
 f - 4 scrolls of magic mapping
 i - 6 scrolls of remove curse
 k - 2 scrolls of blinking
 r - a scroll of teleportation
 s - 2 scrolls of enchant armour {unknown}
 v - 2 scrolls of identify
 w - 4 scrolls of immolation {unknown}
 G - 2 scrolls of fear {unknown}
Potions
 e - a potion of haste
 h - a potion of brilliance
 j - 3 potions of stabbing
 t - a potion of cancellation {unknown}
 z - 2 potions of lignification {unknown}
 A - 7 potions of curing
 B - a potion of flight
 C - a potion of resistance
 E - a potion of ambrosia {unknown}
 L - a potion of mutation {unknown}
 M - 2 potions of heal wounds {unknown}
Comestibles
 c - 34 rations


   Skills:
 + Level 9.1 Fighting
 * Level 15.9 Polearms
 * Level 10.7 Armour
 - Level 2.6 Dodging
 + Level 2.4 Stealth
 * Level 5.1 Invocations
 + Level 0.8 Evocations


You had 12 spell levels left.
You didn't know any spells.
Your spell library contained the following spells:

 Spells                   Type           Power        Failure   Level  Hunger
 Animate Skeleton         Necr           N/A          100%        1    ##.....
 Apportation              Tloc           #.....       100%        1    ##.....
 Corona                   Hex            #......      100%        1    ##.....
 Infusion                 Chrm           #...         100%        1    ##.....
 Magic Dart               Conj           #...         100%        1    ##.....
 Summon Small Mammal      Summ           #...         100%        1    ##.....
 Blink                    Tloc           N/A          100%        2    ###....
 Call Imp                 Summ           #.......     100%        2    ###....
 Ensorcelled Hibernation  Hex/Ice        #.....       100%        2    ###....
 Shroud of Golubria       Chrm/Tloc      #.....       100%        2    ###....
 Slow                     Hex            #.......     100%        2    ###....
 Song of Slaying          Chrm           #.......     100%        2    ###....
 Confusing Touch          Hex            #.......     100%        3    ####...
 Conjure Flame            Conj/Fire      #.......     100%        3    ####...
 Dazzling Flash           Conj/Hex       #.....       100%        3    ####...
 Gell's Gravitas          Tloc           #.........   100%        3    ####...
 Mephitic Cloud           Conj/Pois/Air  #.......     100%        3    ####...
 Ozocubu's Armour         Chrm/Ice       #.......     100%        3    ####...
 Spectral Weapon          Hex/Chrm       #.......     100%        3    ####...
 Tukima's Dance           Hex            #.......     100%        3    ####...
 Petrify                  Tmut/Erth      #.......     100%        4    #####..
 Metabolic Englaciation   Hex/Ice        #.........   100%        5    ######.
 Yara's Violent Unravell  Hex/Tmut       #.........   100%        5    ######.


Dungeon Overview and Level Annotations

Branches:
Dungeon (13/15)            Temple (1/1) D:5            Lair (0/6) D:10
    Orc (0/2) D:12         Vaults (0/5) D:13

Altars:
Ashenzari
Cheibriados
Dithmenos
Elyvilon
Fedhas
Gozag
Hepliaklqana
Kikubaaqudgha
Makhleb
Nemelex Xobeh
Okawaru
Qazlal
Ru
Sif Muna
Trog
Uskayaw
Vehumet
Wu Jian
Xom
Yredelemnul
Zin
The Shining One

Shops:
D:9 (

Portals:
Abyss: D:13

Annotations:
D:3 exclusion: oklob plant
D:13 1 transporter, Qotu's ghost, journeyman DsWz


Innate Abilities, Weirdness & Mutations

You have hoof-like feet.
You are mostly covered in molten scales. (AC +3)
Your flesh is heat resistant. (rF+)
Your demonic aura causes spilled blood to erupt in flames.
You are mostly covered in sharp spines.
You are immune to clouds of flame.
[Scrolls take you a little longer to read.]
[You occasionally shout uncontrollably at your foes.]


Message History

Aim: a hellephant (moderately wounded)
Okay, then.
You feel very mighty all of a sudden. The hellephant tramples you!!
* * * LOW HITPOINT WARNING * * *
You hold your ground!
The hellephant bites you but does no damage.
The hellephant barely misses you.
You slash the hellephant!
The hellephant is heavily wounded.
The hellephant breathes flames at you. The blast of flame hits you! You resist.
* * * LOW HITPOINT WARNING * * *
Unknown command.
You closely miss the hellephant.
The hellephant is heavily wounded.
The hellephant is engulfed in blazing flames.
The hellephant is struck by your spines.
The hellephant tramples you!!
You die...

# . . ..
# #.
...#. #
# ###
..## #.
.# .
....
#... #.
..... .
..####
.# .# #.
#.#@###
...# .
#☼Y## ##
....#
.#.## ##
.. #.#
## # #.
##.
#.#..XX°
. ..# .#
. ..
x°..
#..# .
... ...
. . ...#
#..#
##.# .
## .## .
. .....


You could see a hellephant.

Vanquished Creatures
  Jorgrun (D:12)
  An ironheart preserver (D:13)
  Nessos (D:12)
  Fannar (D:11)
  An ice dragon (D:11)
  A hydra (D:13)
  2 centaur warriors (D:13)
  2 two-headed ogres
  Urug (D:12)
  A hell hog (D:13)
  4 thrashing horrors
  2 unseen horrors
  7 ugly things
  2 cyclopes
  3 worldbinders
  A centaur zombie (D:13)
  2 manticores
  A smoke demon (Abyss:3)
  A tengu conjurer (D:11)
  4 trolls
  3 hornets (D:10)
  2 raiju
  A hippogriff (D:9)
  Eustachio (D:5)
  A spriggan (D:7)
  A wyvern (D:13)
  2 vampires
  A wraith (D:11)
  21 yaks
  A ynoxinul (Abyss:2)
  2 hungry ghosts (D:8)
  A neqoxec (D:13)
  2 vampire mosquitoes (D:12)
  A steam dragon (D:13)
  Menkaure (D:4)
  2 large abominations
  A small abomination (Abyss:2)
  2 acid dragons
  A water moccasin (D:9)
  11 orc warriors
  5 phantoms
  6 ice beasts
  4 black bears
  4 necrophages
  3 sky beasts
  An eye of draining (D:13)
  7 centaurs
  A crocodile (D:11)
  11 ogres
  7 big kobolds
  6 bullfrogs
  A wyvern zombie (D:12)
  A water moccasin zombie (D:5)
  2 gnoll sergeants (D:12)
  2 wyvern skeletons
  2 scorpions
  A water moccasin skeleton (D:8)
  3 killer bees (D:11)
  3 wights (D:11)
  7 howler monkeys
  5 crimson imps
  3 bullfrog zombies
  7 starcursed masses (Abyss:3)
  A quasit (D:11)
  Crazy Yiuf (D:2)
  5 bullfrog skeletons
  2 centaur skeletons
  8 orc priests
  7 hounds
  3 jellies
  5 iguanas
  19 orc wizards
  5 worker ants
  A bullfrog simulacrum (D:11)
  2 hound zombies
  A hound skeleton (D:9)
  A worker ant zombie (D:7)
  Robin (D:4)
  7 gnolls
  17 adders
  3 shadow imps
  4 adder skeletons
  4 worms
  4 dart slugs
  2 leopard geckos
  51 orcs
  A ball python (D:3)
  7 giant cockroaches
  2 gnoll zombies (D:6)
  17 goblins
  10 hobgoblins
  3 jackals
  31 kobolds
  5 quokkas
  10 bats
  8 frilled lizards
  2 leopard gecko zombies (D:5)
  A quokka skeleton (D:7)
  A quokka zombie (D:7)
  9 rats
450 creatures vanquished.

Vanquished Creatures (others)
  7 plants (D:11)
7 creatures vanquished.

Grand Total: 457 creatures vanquished

Notes
Turn   | Place    | Note
-------+----------+-------------------------------------------
     0 | D:1      | McKennaii the Demonspawn Monk began the quest for the Orb.
     0 | D:1      | Reached XP level 1. HP: 18/18 MP: 1/1
   354 | D:1      | Gained mutation: Your flesh is heat resistant. (rF+)
                  | [demonic ancestry]
   354 | D:1      | Reached XP level 2. HP: 24/24 MP: 2/2
   479 | D:1      | Reached skill level 3 in Polearms
   776 | D:1      | Reached skill level 1 in Armour
   886 | D:1      | Reached XP level 3. HP: 25/29 MP: 3/3
  1540 | D:2      | Found a runed translucent door.
  1541 | D:2      | Noticed Crazy Yiuf
  2026 | D:2      | Reached XP level 4. HP: 26/35 MP: 4/4
  2558 | D:2      | Killed Crazy Yiuf
  2886 | D:3      | Gained mutation: You have large cloven feet. [demonic
                  | ancestry]
  2886 | D:3      | Reached XP level 5. HP: 24/42 MP: 5/5
  3451 | D:3      | Reached skill level 4 in Polearms
  3921 | D:3      | Found a blossoming altar of Fedhas.
  3939 | D:3      | Noticed an oklob plant
  3987 | D:4      | Noticed Robin
  4194 | D:4      | Killed Robin
  4194 | D:4      | Gained mutation: You are partially covered in molten
                  | scales. (AC +2) [demonic ancestry]
  4194 | D:4      | Reached XP level 6. HP: 39/48 MP: 3/6
  4327 | D:4      | Noticed Menkaure
  4328 | D:4      | Found a transporter.
  4337 | D:4      | Killed Menkaure
  4403 | D:4      | Noticed an ice beast
  4467 | D:4      | Found a transporter.
  4639 | D:4      | Reached skill level 5 in Polearms
  4692 | D:4      | Gained mutation: You are partially covered in sharp spines.
                  | [demonic ancestry]
  4692 | D:4      | Reached XP level 7. HP: 18/54 MP: 4/7
  5287 | D:4      | Found a shattered altar of Ashenzari.
  5372 | D:5      | Entered Level 5 of the Dungeon
  5372 | D:5      | Found a staircase to the Ecumenical Temple.
  5538 | Temple   | Entered the Ecumenical Temple
  5989 | D:5      | Reached skill level 5 in Armour
  6069 | D:5      | Reached skill level 6 in Polearms
  6093 | D:5      | Gained mutation: You are immune to clouds of flame.
                  | [demonic ancestry]
  6093 | D:5      | Reached XP level 8. HP: 61/61 MP: 8/8
  6427 | D:5      | Noticed Eustachio
  6465 | D:5      | Killed Eustachio
  6629 | D:5      | Reached skill level 5 in Fighting
  6629 | D:5      | Reached skill level 7 in Polearms
  7596 | D:6      | Found a basalt altar of Yredelemnul.
  7805 | D:7      | Reached skill level 8 in Polearms
  7805 | D:7      | Reached XP level 9. HP: 65/67 MP: 9/9
  8179 | D:7      | Found a glowing golden altar of the Shining One.
  8599 | D:7      | Found a burning altar of Makhleb.
  9012 | D:7      | Became a worshipper of Makhleb the Destroyer
  9012 | D:7      | Reached * piety under Makhleb
  9012 | D:7      | Reached ** piety under Makhleb
  9039 | D:8      | Found an iron altar of Okawaru.
  9304 | D:8      | Found a snail-covered altar of Cheibriados.
  9308 | D:8      | Noticed a troll
  9326 | D:8      | Killed a troll
  9606 | D:8      | Reached skill level 9 in Polearms
 10165 | D:9      | Gained mutation: You are mostly covered in molten scales.
                  | (AC +3) [demonic ancestry]
 10165 | D:9      | Reached XP level 10. HP: 76/76 MP: 8/10
 10238 | D:9      | Reached *** piety under Makhleb
 10255 | D:9      | Found Vyash's Antique Weapon Boutique.
 10573 | D:9      | Reached skill level 10 in Polearms
 10739 | D:9      | Noticed a two-headed ogre
 10744 | D:9      | Killed a two-headed ogre
 11300 | D:9      | Found a sparkling altar of Nemelex Xobeh.
 11528 | D:10     | Entered Level 10 of the Dungeon
 11548 | D:10     | Reached skill level 11 in Polearms
 11552 | D:10     | Gained mutation: Your demonic aura causes spilled blood to
                  | erupt in flames. [demonic ancestry]
 11552 | D:10     | Reached XP level 11. HP: 83/83 MP: 11/11
 11577 | D:10     | Found a staircase to the Lair.
 11720 | D:10     | Reached **** piety under Makhleb
 12195 | D:11     | Noticed a cyan ugly thing
 12200 | D:11     | Killed a cyan ugly thing
 12292 | D:11     | Reached skill level 12 in Polearms
 12305 | D:11     | Killed an unseen horror
 12330 | D:11     | Reached ***** piety under Makhleb
 12379 | D:11     | Noticed Fannar
 12457 | D:12     | Noticed Jorgrun
 12468 | D:12     | Killed Jorgrun
 12468 | D:12     | Reached skill level 13 in Polearms
 12528 | D:12     | Noticed a brown ugly thing
 12532 | D:12     | Killed a brown ugly thing
 12532 | D:12     | Gained mutation: You are mostly covered in sharp spines.
                  | [demonic ancestry]
 12532 | D:12     | Reached XP level 12. HP: 91/91 MP: 12/12
 12635 | D:12     | Noticed Urug
 12671 | D:11     | Killed Fannar
 12905 | D:11     | Reached skill level 10 in Armour
 13242 | D:11     | Noticed an ice dragon
 13255 | D:11     | Killed an ice dragon
 13255 | D:11     | Reached skill level 14 in Polearms
 13450 | D:12     | Noticed Nessos
 13458 | D:12     | Killed Nessos
 13644 | D:12     | Found a staircase to the Orcish Mines.
 13666 | D:12     | Reached skill level 1 in Invocations
 13921 | D:12     | Killed Urug
 14422 | D:13     | Noticed a two-headed ogre
 14428 | D:13     | Killed a two-headed ogre
 14442 | D:13     | Noticed a four-headed hydra
 14658 | D:13     | Noticed a centaur warrior
 14667 | D:13     | Killed a centaur warrior
 14771 | D:13     | Reached skill level 15 in Polearms
 14818 | D:13     | Reached ****** piety under Makhleb
 14823 | D:13     | Killed a five-headed hydra
 14823 | D:13     | Gained mutation: You have hoof-like feet. [demonic
                  | ancestry]
 14823 | D:13     | Reached XP level 13. HP: 98/98 MP: 12/15
 14850 | D:13     | Noticed Qotu's ghost (journeyman DsWz)
 14851 | D:13     | Found a one-way gate to the infinite horrors of the Abyss.
 14851 | D:13     | Identified the cursed +1 battleaxe "Kary" {distort, rC+}
 15054 | D:13     | Noticed an ironheart preserver
 15070 | D:13     | Killed an ironheart preserver
 15281 | D:13     | Found a transporter.
 15284 | D:13     | Found a transporter.
 15671 | D:13     | Found a gate to the Vaults.
 15773 | D:13     | Cast into level 2 of the Abyss (orc knight)
 15810 | Abyss:2  | Found a corrupted altar of Lugonu.
 15943 | Abyss:3  | Noticed a starcursed mass
 16025 | Abyss:3  | Noticed a hellephant
 16026 | Abyss:3  | Reached skill level 5 in Invocations
 16045 | Abyss:3  | Slain by a hellephant

Illustrated notes

Levels and vault maps discovered:
D:1:      kennysheep_arrival_forest, layout_basic, minivault_24, nrook_campfire
D:2:      layout_loops_ring, first_ration, uniq_crazy_yiuf_cottage
D:3:      minmay_chambers_of_twos, layout_basic, tgw_fedhas,
          kennysheep_another_room, kennysheep_generic_room_15
D:4:      gammafunk_cloud_chamber, layout_loops_ring, ashenzari_altar_1,
          hangedman_abyss_or_decor_lesser_grid, grunt_ministairs_1,
          uniq_menkaure, uniq_robin
D:5:      layout_loops_corners, minmay_temple_entry_gardened_gates,
          uniq_eustachio
D:6:      layout_loops_ring, lemuel_zombie_altar_yredelemnul
D:7:      layout_layer_cave, kennysheep_little_box, makhleb_grotto_becter,
          the_bakery
D:8:      layout_rooms, nicolae_overflow_hidden_temple, okawaru_gym_becter
D:9:      layout_irregular_city, nemelex_altar_shiori, serial_shops, shop,
          st_stairs_4
D:10:     layout_roguey, dpeg_oklobed_lair
D:11:     layout_loops_ring, minmay_shattered_shrine, uniq_fannar
D:12:     layout_roguey, kennysheep_orc_monster_closet_entryway, uniq_nessos,
          uniq_jorgrun, uniq_urug
D:13:     layout_gridville, skrybe_vaults_entry_preservation,
          gammafunk_ghost_abyssal_escape
Temple:   regret_index_temple_waves
Abyss:3:  base: D:15, abyss_furniture_001, hangedman_abyss_or_decor_slice,
          hangedman_abyss_rune_macabre_mess, due_exit_kobolds

Skill      XL: |  1  2  3  4  5  6  7  8  9 10 11 12 13 |
---------------+----------------------------------------+-----
Polearms       | 3 4 5 6 8 9 11 13 15 | 15.9
Armour         | 1 2 3 4 5 6 8 9 10 | 10.7
Stealth        | 2 |  2.4
Fighting       | 4 5 6 7 8 9 |  9.1
Invocations    | 3 5 |  5.1
Dodging        | |  2.6
Evocations     | |  0.8

Action                   |  1- 3 |  4- 6 |  7- 9 | 10-12 | 13-15 || total
-------------------------+-------+-------+-------+-------+-------++-------
Melee: Spear             |   269 |   192 |       |       |       ||   461
       Trident           |       |   168 |   506 |   122 |       ||   796
       Bardiche          |       |       |       |   462 |   161 ||   623
       Unarmed           |       |       |       |     2 |       ||     2
Evoke: Wand              |       |       |       |     7 |       ||     7
  Use: Scroll            |       |     5 |       |     6 |     6 ||    17
       Potion            |       |     5 |       |     1 |     3 ||     9
 Stab: Sleeping          |     3 |       |       |       |       ||     3
       Distracted        |       |       |     1 |       |       ||     1
  Eat: Chunk             |     4 |     8 |    20 |    17 |     3 ||    52
       Ration            |       |       |     1 |       |     1 ||     2
Armor: Robe              |     1 |       |       |       |       ||     1
       Chain mail        |   115 |   225 |   162 |       |       ||   502
       Plate armour      |       |       |    96 |   351 |   180 ||   627
Dodge: Dodged            |    68 |   100 |   159 |   251 |    91 ||   669
